 Dungeon Crawl Stone Soup version 0.18.1-6-gd335043 (webtiles) character file.

286515 Chiseanne the Spriggan Catapult (level 19, 0/80 HPs)
             Began as a Spriggan Hunter on May 18, 2016.
             Was an Initiate of Gozag.
             Slain by a tentacled monstrosity (7 damage)
             ... while paralysed by a giant eyeball
             ... on level 5 of the Vaults on May 19, 2016.
             The game lasted 05:17:26 (61079 turns).

Chiseanne the Spriggan Catapult (Spriggan Hunter)  Turns: 61079, Time: 05:17:27

Health: 0/80       AC: 12    Str: 17    XL:     19   Next: 83%
Magic:  0/50       EV:  4    Int: 15    God:    Gozag
Gold:   68         SH:  0    Dex: 41    Spells: 18 memorised, 2 levels left

rFire  + . .     SeeInvis +     w - +9 hunting sling (elec)
rCold  + . .     Gourm    .     s - +1 robe of Vlad {rN+ MR++ rCorr Dex+8 Slay-3}
rNeg   + + +     Faith    .     J - +3 buckler {AC+3}
rPois  +         Spirit   +     L - +3 crown of Dyrovepreva {rElec Int+2 SInv}
rElec  +         Dismiss  .     B - +2 cloak
rCorr  +         Reflect  .     (gloves unavailable)
SustAt .         Harm     .     (boots unavailable)
MR     +++++                    u - amulet "Isek" {Spirit rPois Str+4 Dex+4}
Stlth  +++++++++.               X - ring "Wumpyn" {+Fly rF+ rN+ Str+3}
                                F - ring "Muagg" {rC+ rN+ MP+9 Stlth+}

@: paralysed, agile, about to teleport, very slightly contaminated, very quick,
almost entirely resistant to hostile enchantments, incredibly stealthy
A: unfitting armour, fangs 1, see invisible, herbivore 3, speed 3, slow
metabolism 2, strong 1
a: Potion Petition, Call Merchant, Bribe Branch, Renounce Religion, Evoke Flight
}: 2/15 runes: decaying, serpentine


You were on level 5 of the Vaults.
You worshipped Gozag.
Gozag was noncommittal.
You were full.

You visited 9 branches of the dungeon, and saw 43 of its levels.
You also visited: Volcano.

You collected 18087 gold pieces.
You spent 8733 gold pieces at shops.
You paid 9286 gold pieces to Gozag.

Inventory:

Hand Weapons
 a - the +3 rapier of Terror {flame, rElec}
   (You bought it in a shop on level 1 of the Elven Halls)

   It has been specially enchanted to burn those struck by it, causing extra
   injury to most foes and up to half again as much damage against particularly
   susceptible opponents.
   It insulates you from electricity.
 w - a +9 hunting sling of electrocution (weapon)
Missiles
 b - 285 stones (quivered)
 E - 4 throwing nets
Armour
 s - the +1 robe of Vlad (worn) {rN+ MR++ rCorr Dex+8 Slay-3}
   (You found it on level 5 of the Dungeon)

   It affects your dexterity (+8).
   It affects your accuracy and damage with ranged weapons and melee attacks
   (-3).
   It protects you from negative energy.
   It affects your resistance to hostile enchantments.
   It protects you from acid and corrosion.
 B - a +2 cloak (worn)
 J - a +3 buckler of protection (worn)
 L - the +3 crown of Dyrovepreva (worn) {rElec Int+2 SInv}
   (You bought it in a shop on level 15 of the Dungeon)

   It affects your intelligence (+2).
   It insulates you from electricity.
   It lets you see invisible.
Jewellery
 u - the amulet "Isek" (around neck) {Spirit rPois Str+4 Dex+4}
   (You bought it in a shop on level 9 of the Dungeon)

   [amulet of guardian spirit]

   It causes incoming damage to be split between your health and magic.
   It affects your strength (+4).
   It affects your dexterity (+4).
   It protects you from poison.
 F - the ring "Muagg" (left hand) {rC+ rN+ MP+9 Stlth+}
   (You found it on level 4 of the Vaults)

   [ring of magical power]

   It protects you from cold.
   It protects you from negative energy.
   It affects your magic capacity (+9).
   It makes you more stealthy.
 X - the ring "Wumpyn" (right hand) {+Fly rF+ rN+ Str+3}
   (You bought it in a shop on level 10 of the Dungeon)

   [ring of positive energy]

   It affects your strength (+3).
   It protects you from fire.
   It protects you from negative energy.
   It lets you fly.
Wands
 d - a wand of iceblast (0/15)
 h - a wand of lightning (8/15)
 j - a wand of hasting (0/9)
 m - a wand of digging (1/24)
 p - a wand of teleportation (8/9)
 C - a wand of teleportation (1/9)
 G - a wand of digging (10/24)
 N - a wand of acid (0/15)
 S - a wand of disintegration (0/24)
Scrolls
 c - 2 scrolls of immolation
 e - a scroll of summoning
 k - a scroll of blinking
 l - 9 scrolls of magic mapping
 n - 2 scrolls of fog
 o - a scroll of recharging
 q - 15 scrolls of remove curse
 y - 4 scrolls of teleportation
 I - 6 scrolls of identify
Potions
 g - 5 potions of resistance
 r - 2 potions of cure mutation
 v - 8 potions of cancellation
 x - 15 potions of curing
 z - 7 potions of flight
 A - a potion of berserk rage
 K - 5 potions of might
 R - 4 potions of ambrosia
 U - a potion of heal wounds
 W - a potion of magic
Miscellaneous
 i - a fan of gales
 D - a phantom mirror
 H - a plain deck of defence {Fortitude}
 O - a box of beasts
 P - a plain deck of defence {the Tomb}
Comestibles
 f - 28 bread rations


   Skills:
 - Level 1.5 Fighting
 O Level 27 Slings
 * Level 22.4 Dodging
 - Level 10.2 Stealth
 - Level 7.4 Shields
 - Level 17.9 Spellcasting
 - Level 11.0 Hexes
 - Level 7.2 Translocations


You had 2 spell levels left.
You knew the following spells:

 Your Spells              Type           Power        Failure   Level  Hunger
a - Corona                Hex            #####..      1%          1    None
b - Blink                 Tloc           N/A          1%          2    None
c - Shroud of Golubria    Chrm/Tloc      ###.......   1%          2    None
d - Confuse               Hex            #####...     1%          3    None
e - Inner Flame           Hex/Fire       ####....     1%          3    None
f - Passage of Golubria   Tloc           N/A          2%          4    None
g - Cause Fear            Hex            #####.....   1%          4    None
h - Slow                  Hex            #####...     1%          2    None
i - Teleport Other        Tloc           #####...     1%          3    None
j - Regeneration          Chrm/Necr      ##........   17%         3    None
k - Silence               Hex/Air        ####......   17%         5    ####...
l - Gell's Gravitas       Hex/Tloc       #####.....   1%          3    None
m - Dazzling Spray        Conj/Hex       ####....     1%          3    None
n - Tukima's Dance        Hex            #####...     1%          3    None
o - Song of Slaying       Chrm           ##......     10%         2    None
p - Invisibility          Hex            #####...     10%         6    #####..
q - Apportation           Tloc           #####.....   1%          1    None
r - Summon Butterflies    Summ           ##......     6%          1    None


Dungeon Overview and Level Annotations

Branches:
Dungeon (15/15)            Temple (1/1) D:6            Lair (8/8) D:10
  Swamp (4/4) Lair:5        Snake (4/4) Lair:4        Slime (0/6) Lair:8
    Orc (2/2) D:11            Elf (3/3) Orc:2        Vaults (5/5) D:14
 Depths (1/5) D:15
  Crypt: Vaults:2-3

Altars:
Ashenzari
Cheibriados
Dithmenos
Elyvilon
Fedhas
Gozag
Kikubaaqudgha
Makhleb
Nemelex Xobeh
Okawaru
Pakellas
Qazlal
Ru
Sif Muna
Trog
Vehumet
Xom
Yredelemnul
Zin
The Shining One
Beogh
Jiyva

Shops:
D:9 =   D:10 ==[   D:11 (   D:13 ==   D:14 ?*=   D:15 =[   Orc:2 :(=!
Elf:1 ((   Vaults:4 }

Portals:
Hell: Depths:1

Annotations:
D:4 Statics's ghost, amateur OpAs
D:7 exclusion: oklob plant
D:14 4 runed doors
Snake:1 Agnes; Frances
Snake:2 5 exclusions, Vashnia
Snake:4 Aizul
Elf:2 3 runed doors


Innate Abilities, Weirdness & Mutations

You are tiny and cannot use many weapons and most armour.
You have supernaturally acute eyesight.
You are a herbivore.
You cover ground extremely quickly.
You need consume almost no food.
You have very sharp teeth.
Your muscles are strong. (Str +2)


Message History

The two-headed ogre completely misses you. x2
The fire giant gestures at you while chanting.
The bolt of fire misses you. The faun completely misses you.
You hear a shout! x3
The redback changes into a giant orange brain!
The faun changes into an anaconda!
The sphinx casts a spell.
Something smites you! You block the ogre's attack.
The titan waves its arms in wide circles.
The air twists around and strikes you!
* * * LOW HITPOINT WARNING * * *
The giant eyeball gazes piercingly through you!
You suddenly lose the ability to move!
You hear a distant "Zot"!
Your shroud bends the fire giant's attack away!
The ogre mage hits you but does no damage.
The titan barely misses you.
The tentacled monstrosity tentacle-slaps you!
You die...
Your body crumbles into a pile of gold.

......pp.....................
....#....#pp.................
....#....#......G............
... #....#...................
.. #....#.O.......S.........
#...O...$...........
#...TpHO..G.........
#....COCSD...$......
#....O@CH......
#.....eXD).....
#......pC.).φ..
#........9...(.
#............./
#..............
#..............
#.............


You could see 2 shadow dragons, a tentacled monstrosity, 2 titans, a fire giant,
2 sphinxes, a stone giant, a vault warden, 3 vault guards, an anaconda shaped
shifter, a giant orange brain shaped shifter, an ogre mage, a deep troll, a war
gargoyle, a deep elf high priest, a mana viper, a two-headed ogre, 3 ogres and a
giant eyeball.

Vanquished Creatures
  2 deep elf blademasters (Elf:2)
  2 deep elf master archers (Elf:3)
  A sphinx (Vaults:4)
  3 greater nagas (Snake:4)
  Wiglaf (Elf:2)
  4 thorn hunters (Swamp:4)
  A fire giant (Vaults:4)
  4 deep elf sorcerers (Elf:3)
  A vault warden (Vaults:4)
  Donald (Elf:3)
  Louise (D:15)
  10 deep elf elementalists
  A very ugly thing (Swamp:2)
  2 ironheart preservers (Vaults:1)
  5 deep elf demonologists
  9 deep elf annihilators
  Nessos (D:12)
  7 deep elf death magi
  8 vault guards (D:14)
  Snorg (D:10)
  4 deep elf high priests
  2 yaktaur captains
  A fire dragon (D:15)
  Josephine (Orc:1)
  Harold (D:10)
  10 hydras
  4 ice dragons (Swamp:4)
  A ghost crab (Swamp:4)
  A rakshasa (Vaults:1)
  17 naga warriors
  A catoblepas (Lair:3)
  5 anacondas
  9 ogre magi
  4 centaur warriors
  Erica (D:10)
  An alligator (Swamp:1)
  14 death yaks
  15 deep elf knights
  15 naga sharpshooters
  2 shock serpents
  Nergalle (D:10)
  12 skeletal warriors
  An unseen horror (D:15)
  5 deep trolls (Vaults:1)
  2 spriggan druids (Swamp:4)
  6 hill giants
  2 swamp dragons
  12 deep elf archers
  48 deep elf magi
  4 naga ritualists
  3 ironbrand convokers
  Pikel (D:8)
  4 orc knights
  A wizard (D:15)
  A wolf spider (Lair:8)
  2 mana vipers (Snake:4)
  3 hornets
  An orc sorcerer (Orc:1)
  21 ugly things
  6 griffons
  3 cyclopes
  The ghost of daning the Slasher, a novice HESk (D:5)
  Maurice (D:8)
  A manticore (D:12)
  4 salamanders
  19 elephants
  A sphinx skeleton (Volcano)
  Joseph (D:8)
  Psyche (D:8)
  2 guardian serpents
  4 vault sentinels
  30 spiny frogs
  21 black mambas
  15 naga magi
  A water nymph (shapeshifter) (Elf:3)
  3 torpor snails
  A redback zombie (D:15)
  A gargoyle (D:13)
  3 rime drakes (Lair:8)
  An efreet (D:14)
  A yaktaur (D:15)
  A kobold demonologist (D:15)
  12 komodo dragons
  5 freezing wraiths
  A guardian mummy (Volcano)
  2 trolls (shapeshifter)
  A giant leech (Swamp:2)
  14 slime creatures
  7 trolls
  24 two-headed ogres
  2 bog bodies (Swamp:1)
  2 dancing weapons
  2 minotaur skeletons (Volcano)
  3 polar bears
  A harpy skeleton (D:13)
  28 blink frogs
  2 boulder beetles
  An air elemental (Elf:1)
  Sigmund (D:5)
  A centaur simulacrum (D:14)
  A flying skull (Volcano)
  2 redbacks (Lair:8)
  20 yaks
  5 wraiths
  5 shadows
  7 water elementals
  4 spriggans
  9 wyverns
  2 vampires (Volcano)
  A hog (shapeshifter) (Elf:3)
  Grum (D:8)
  6 fire elementals
  A steam dragon (D:12)
  A hippogriff (shapeshifter) (D:13)
  5 swamp worm simulacra (Swamp:4)
  2 hogs
  A human (D:11)
  2 hungry ghosts
  A basilisk (Lair:3)
  20 vampire mosquitoes
  13 hippogriffs
  Menkaure (D:4)
  A mottled dragon (D:15)
  22 nagas
  A hill giant skeleton (Volcano)
  14 hydra simulacra (Swamp:4)
  3 insubstantial wisps (Swamp:3)
  9 swamp worms
  30 water moccasins
  11 porcupines
  A black bear (Lair:7)
  3 swamp drakes (Swamp:4)
  8 wasps
  A merfolk skeleton (Volcano)
  13 ice beasts
  An eye of draining (D:12)
  21 orc warriors
  6 phantoms
  2 necrophages
  5 boggarts (D:14)
  48 ogres
  A wolf (shapeshifter) (Elf:1)
  11 centaurs
  13 wolves
  9 crocodiles
  3 big kobolds
  15 giant frogs
  3 earth elementals
  A water moccasin zombie (D:6)
  A wyvern skeleton (D:15)
  7 scorpions
  6 killer bees (D:10)
  19 wights
  A troll skeleton (Volcano)
  5 electric eels
  15 howler monkeys
  5 crimson imps
  A lava snake (Orc:1)
  A yaktaur simulacrum (Vaults:1)
  4 giant frog zombies
  4 centaur zombies
  4 hounds
  4 centaur skeletons
  12 orc priests
  4 jellies
  2 giant frog skeletons
  17 iguanas
  Terence (D:2)
  A two-headed ogre skeleton (Volcano)
  16 worker ants
  A hell rat (Lair:5)
  16 orc wizards
  35 sheep
  A killer bee zombie (D:10)
  2 ogre skeletons (Volcano)
  A naga skeleton (Volcano)
  A hound skeleton (D:8)
  3 mummies (Volcano)
  5 gnolls
  A howler monkey skeleton (D:10)
  18 adders
  58 river rats
  2 shadow imps
  3 swamp drake simulacra (Swamp:4)
  An adder zombie (D:3)
  An adder skeleton (D:4)
  2 worms
  7 dart slugs
  10 giant geckos
  83 orcs
  8 bats
  6 giant cockroaches
  9 hobgoblins
  10 jackals
  5 quokkas
  2 ball pythons
  4 giant newts
  7 goblins
  A jackal skeleton (D:5)
  18 kobolds
  8 rats
  9 fungi
  8 plants
1377 creatures vanquished.

Vanquished Creatures (collateral kills)
  Kirke (Lair:7)
  A stone giant (Orc:1)
  2 naga warriors
  A death yak (Lair:7)
  A salamander (Snake:4)
  An elephant (Lair:2)
  A naga mage (Snake:4)
  A two-headed ogre (Vaults:1)
  2 nagas
  An orc wizard (Vaults:4)
  An iguana (Lair:2)
13 creatures vanquished.

Vanquished Creatures (others)
  A deep elf elementalist (Elf:3)
  41 dancing weapons
  A deep elf knight (Elf:1)
  2 humans (Lair:7)
  A swamp worm (Swamp:4)
  A swamp drake (Swamp:4)
  A slave (D:8)
  A crimson imp (D:8)
  A hound (D:8)
  A briar patch (Swamp:4)
  A bush (D:4)
  38 fungi
  31 plants
121 creatures vanquished.

Grand Total: 1511 creatures vanquished

Notes
Turn   | Place    | Note
--------------------------------------------------------------
     0 | D:1      | Chiseanne the Spriggan Hunter began the quest for the Orb.
     0 | D:1      | Reached XP level 1. HP: 10/10 MP: 2/2
    12 | D:1      | Reached skill level 5 in Slings
   294 | D:1      | Reached XP level 2. HP: 14/14 MP: 3/3
   602 | D:1      | Reached XP level 3. HP: 14/18 MP: 4/4
   821 | D:2      | Noticed Terence
  1140 | D:2      | Reached skill level 1 in Shields
  1286 | D:2      | Reached XP level 4. HP: 22/22 MP: 5/5
  1309 | D:2      | Reached skill level 6 in Slings
  1426 | D:2      | Killed Terence
  1987 | D:3      | Reached XP level 5. HP: 21/25 MP: 6/6
  2253 | D:3      | Found a sacrificial altar of Ru.
  2254 | D:3      | Found an ancient bone altar of Kikubaaqudgha.
  2266 | D:3      | Found a radiant altar of Vehumet.
  2267 | D:3      | Found a shadowy altar of Dithmenos.
  2842 | D:4      | Found a snail-covered altar of Cheibriados.
  2844 | D:4      | Noticed Statics's ghost (amateur OpAs)
  2861 | D:4      | Found a basalt altar of Yredelemnul.
  2863 | D:4      | Found a deep blue altar of Sif Muna.
  2867 | D:4      | Found a shattered altar of Ashenzari.
  2879 | D:4      | Noticed Menkaure
  2895 | D:4      | Killed Menkaure
  2895 | D:4      | Reached skill level 7 in Slings
  2895 | D:4      | Reached XP level 6. HP: 3/30 MP: 7/7
  3636 | D:4      | Reached skill level 8 in Slings
  3695 | D:4      | Found an oddly glowing altar of Pakellas.
  3868 | D:4      | Reached XP level 7. HP: 20/33 MP: 8/8
  4539 | D:5      | Entered Level 5 of the Dungeon
  4545 | D:5      | Noticed daning's ghost (novice HESk)
  4809 | D:5      | Noticed Sigmund
  4815 | D:5      | Killed Sigmund
  4950 | D:5      | Reached skill level 9 in Slings
  5550 | D:5      | Got a crude robe
  5569 | D:5      | Identified the +1 robe of Vlad {rN+ MR++ rCorr Dex+8 Slay-3} (You found it on level 5 of the Dungeon)
  5790 | D:5      | Killed daning's ghost
  5790 | D:5      | Reached skill level 10 in Slings
  5790 | D:5      | Reached skill level 5 in Shields
  5790 | D:5      | Reached XP level 8. HP: 25/37 MP: 9/9
  6164 | D:6      | Found a staircase to the Ecumenical Temple.
  6670 | Temple   | Entered the Ecumenical Temple
  6688 | Temple   | Became a worshipper of Gozag Ym Sagoz the Greedy
  7132 | D:7      | Found a snail-covered altar of Cheibriados.
  7132 | D:7      | Noticed an oklob plant
  7394 | D:7      | Reached skill level 11 in Slings
  7394 | D:7      | Reached XP level 9. HP: 41/41 MP: 10/10
  8258 | D:8      | Noticed Grum
  8271 | D:8      | Killed Grum
  8313 | D:8      | Noticed Pikel
  8346 | D:8      | Killed Pikel
  8346 | D:8      | Reached skill level 12 in Slings
  8664 | D:8      | Noticed Joseph
  8694 | D:8      | Killed Joseph
  8734 | D:8      | Reached skill level 5 in Dodging
  8737 | D:8      | Reached XP level 10. HP: 35/46 MP: 11/11
  8870 | D:8      | Noticed Maurice
  8984 | D:8      | Noticed Psyche
  9142 | D:9      | Learned a level 1 spell: Apportation
  9145 | D:9      | Learned a level 2 spell: Blink
  9148 | D:9      | Learned a level 2 spell: Shroud of Golubria
  9303 | D:9      | Reached skill level 13 in Slings
  9531 | D:9      | Noticed a griffon
  9599 | D:9      | Killed a griffon
 10246 | D:9      | Bought the cursed ring of Nuaciu {Str-2 Int-2 Dex+7} for 196 gold pieces
 10254 | D:10     | Entered Level 10 of the Dungeon
 10326 | D:10     | Reached skill level 14 in Slings
 10501 | D:10     | Noticed Erica
 10698 | D:10     | Killed Erica
 11219 | D:10     | Reached skill level 15 in Slings
 11943 | D:10     | Noticed Nergalle
 12257 | D:10     | Noticed a hill giant
 12488 | D:10     | Killed a hill giant
 12488 | D:10     | Reached XP level 11. HP: 49/49 MP: 12/12
 12607 | D:10     | Noticed Snorg
 13344 | D:10     | Found a staircase to the Lair.
 13539 | D:10     | Reached skill level 16 in Slings
 14223 | D:10     | Noticed a cyan ugly thing
 14273 | D:10     | Noticed Harold
 14448 | D:11     | Noticed a seven-headed hydra
 14520 | D:11     | Killed a seven-headed hydra
 14821 | D:11     | Found Efyfido's Antique Weapon Shop.
 14940 | D:11     | Found a shimmering altar of Xom.
 14940 | D:11     | Found a shimmering altar of Xom.
 15186 | D:9      | Bought the amulet "Isek" {Spirit rPois Str+4 Dex+4} for 812 gold pieces
 15397 | D:11     | Found a staircase to the Orcish Mines.
 15451 | D:11     | Noticed a deep elf mage
 15628 | D:11     | Found a shimmering altar of Xom.
 15628 | D:11     | Found a shimmering altar of Xom.
 15779 | Orc:1    | Entered Level 1 of the Orcish Mines
 15779 | Orc:1    | Noticed a stone giant
 15797 | Orc:1    | Reached skill level 17 in Slings
 15937 | Orc:1    | Noticed Josephine
 16009 | Orc:1    | Reached skill level 1 in Spellcasting
 16055 | Orc:1    | Noticed an orc knight
 16133 | D:12     | Noticed Nessos
 16327 | D:12     | Noticed a skeletal warrior
 16360 | D:12     | Noticed a green ugly thing
 16390 | D:13     | Found Qumunax's Jewellery Shoppe.
 16414 | D:13     | Noticed a deep elf mage
 16435 | D:13     | Noticed a hill giant
 16633 | D:12     | Noticed a skeletal warrior
 16871 | D:11     | Killed a green ugly thing
 17040 | D:10     | Killed Harold
 17155 | D:10     | Noticed a spectral orc warlord
 17158 | D:10     | Killed Nergalle
 17158 | D:10     | Reached skill level 5 in Spellcasting
 17305 | D:10     | Killed Snorg
 17515 | D:8      | Killed Psyche
 17700 | D:8      | Killed Maurice
 17945 | D:10     | Killed a cyan ugly thing
 17945 | D:10     | Reached XP level 12. HP: 53/53 MP: 22/22
 18050 | D:10     | Reached skill level 18 in Slings
 18101 | Lair:1   | Entered Level 1 of the Lair of Beasts
 19139 | D:10     | Bought a cursed -2 ring of protection for 22 gold pieces
 19139 | D:10     | Bought a cursed amulet of inaccuracy for 22 gold pieces
 20019 | Lair:2   | Reached skill level 19 in Slings
 20095 | Lair:2   | Reached skill level 10 in Spellcasting
 20189 | Lair:2   | Reached skill level 1 in Translocations
 20403 | Lair:3   | Learned a level 3 spell: Gell's Gravitas
 20407 | Lair:3   | Learned a level 3 spell: Inner Flame
 20607 | Lair:3   | Learned a level 4 spell: Passage of Golubria
 20716 | Lair:3   | Noticed a six-headed hydra
 20721 | Lair:3   | Killed a six-headed hydra
 20721 | Lair:3   | Reached skill level 5 in Translocations
 20721 | Lair:3   | Reached XP level 13. HP: 57/57 MP: 28/28
 21631 | Lair:4   | Found a staircase to the Snake Pit.
 22246 | Lair:5   | Reached skill level 1 in Hexes
 22578 | Lair:5   | Found a blossoming altar of Fedhas.
 22675 | Lair:5   | Reached skill level 20 in Slings
 22800 | D:10     | Bought the ring "Wumpyn" {+Fly rF+ rN+ Str+3} for 720 gold pieces
 23014 | Lair:5   | Reached skill level 5 in Hexes
 23231 | Lair:5   | Found a staircase to the Swamp.
 24982 | Lair:7   | Learned a level 4 spell: Cause Fear
 24985 | Lair:7   | Learned a level 2 spell: Slow
 25100 | Lair:7   | Noticed Kirke
 25120 | Lair:7   | Killed Kirke
 25486 | Lair:7   | Reached XP level 14. HP: 61/61 MP: 29/29
 25623 | Lair:7   | Gained mutation: Your muscles are strong. (Str +2) [potion of beneficial mutation]
 25624 | Lair:7   | Gained mutation: You have very sharp teeth. [potion of beneficial mutation]
 25796 | Lair:7   | Reached skill level 21 in Slings
 25997 | Lair:8   | Entered Level 8 of the Lair of Beasts
 26316 | Lair:8   | Reached skill level 10 in Hexes
 27755 | Lair:8   | Reached skill level 22 in Slings
 28468 | Lair:8   | Found a viscous altar of Jiyva.
 28468 | Lair:8   | Found a staircase to the Slime Pits.
 28968 | Lair:8   | Learned a level 3 spell: Teleport Other
 29154 | D:10     | Bought a +2 buckler of protection for 408 gold pieces
 29271 | Orc:1    | Killed a stone giant
 29271 | Orc:1    | Reached XP level 15. HP: 54/65 MP: 10/30
 29472 | Orc:1    | Killed Josephine
 29484 | Orc:1    | Found a roughly hewn altar of Beogh.
 29795 | Orc:2    | Entered Level 2 of the Orcish Mines
 29795 | Orc:2    | Found a roughly hewn altar of Beogh.
 29867 | Orc:2    | Found a staircase to the Elven Halls.
 29898 | Orc:2    | Found a dark tunnel.
 29918 | Volcano  | Entered a volcano
 30041 | Volcano  | Reached skill level 23 in Slings
 30774 | Orc:2    | Found Fenuth's Book Emporium.
 31244 | Orc:2    | Found Yluatep's Distillery.
 31244 | Orc:2    | Found Afysa's Jewellery Shop.
 31245 | Orc:2    | Found Fut Xeol's Weapon Shop.
 31252 | Orc:2    | Bought a potion of invisibility for 104 gold pieces
 31252 | Orc:2    | Bought 2 potions of agility for 104 gold pieces
 31252 | Orc:2    | Bought 2 potions of heal wounds for 130 gold pieces
 31252 | Orc:2    | Bought a potion of ambrosia for 104 gold pieces
 31252 | Orc:2    | Bought a potion of agility for 52 gold pieces
 31252 | Orc:2    | Bought a potion of curing for 39 gold pieces
 31252 | Orc:2    | Bought a potion of curing for 39 gold pieces
 31252 | Orc:2    | Bought a potion of curing for 39 gold pieces
 31511 | Orc:2    | Bought a manual of Spellcasting for 1876 gold pieces
 32107 | D:12     | Killed Nessos
 32972 | D:14     | Found Kidates's Magic Scroll Boutique.
 32980 | D:14     | Bought a scroll of acquirement for 676 gold pieces
 32982 | D:14     | Bought a scroll of identify for 26 gold pieces
 32982 | D:14     | Bought a scroll of identify for 26 gold pieces
 32982 | D:14     | Bought a scroll of fog for 26 gold pieces
 32982 | D:14     | Bought a scroll of magic mapping for 45 gold pieces
 32982 | D:14     | Bought a scroll of identify for 26 gold pieces
 32982 | D:14     | Bought a scroll of blinking for 97 gold pieces
 33022 | D:14     | Found Doiwn's Assorted Antiques.
 33025 | D:14     | Bought a scroll of identify for 42 gold pieces
 33025 | D:14     | Bought a scroll of identify for 42 gold pieces
 33025 | D:14     | Bought a silver wand for 84 gold pieces
 33424 | D:14     | Reached skill level 15 in Spellcasting
 33598 | D:14     | You fall through a shaft!
 33598 | D:15     | Entered Level 15 of the Dungeon
 33858 | D:15     | Noticed Louise
 33894 | D:15     | Killed Louise
 34330 | D:15     | Reached XP level 16. HP: 69/69 MP: 37/37
 34553 | D:15     | Found an opulent altar of Gozag.
 35237 | D:15     | Found a staircase to the Depths.
 35486 | D:14     | Found a gate to the Vaults.
 35525 | D:14     | Reached skill level 24 in Slings
 35880 | D:14     | Found a huge runed gate.
 35881 | D:14     | Found a huge runed gate.
 35882 | D:14     | Found a huge runed gate.
 35883 | D:14     | Found a huge runed gate.
 36310 | D:14     | Found Buir's Jewellery Shoppe.
 36519 | Elf:1    | Entered Level 1 of the Elven Halls
 37347 | Elf:1    | Reached skill level 10 in Dodging
 38158 | Elf:1    | Found Raydin's Antique Weapon Shop.
 38170 | Elf:1    | Bought a slimy blowgun for 315 gold pieces
 38170 | Elf:1    | Identified the cursed +1 blowgun "Spriggan's Curse" {evade, +Inv rC- MP+9} (You bought it in a shop on level 1 of the Elven Halls)
 38863 | Elf:1    | Reached XP level 17. HP: 72/72 MP: 39/39
 39644 | Elf:2    | Noticed Wiglaf
 39874 | Elf:2    | Killed Wiglaf
 39941 | Elf:2    | Noticed a Brimstone Fiend
 40321 | Elf:1    | Bought a crystal rapier for 297 gold pieces
 40321 | Elf:1    | Identified the +3 rapier of Terror {flame, rElec} (You bought it in a shop on level 1 of the Elven Halls)
 40607 | Elf:3    | Entered Level 3 of the Elven Halls
 40625 | Elf:2    | Reached skill level 15 in Dodging
 41167 | Elf:3    | Noticed Donald
 41230 | Elf:3    | Killed Donald
 42682 | Elf:3    | Noticed a deep elf master archer
 42702 | Elf:3    | Killed a deep elf master archer
 43194 | Elf:3    | Noticed a deep elf blademaster
 43298 | Elf:2    | Killed a deep elf blademaster
 44286 | Elf:3    | Noticed a deep elf blademaster
 44376 | Elf:2    | Killed a deep elf blademaster
 44471 | Elf:2    | Found a runed gate.
 44471 | Elf:2    | Found a runed gate.
 44473 | Elf:2    | Found a runed gate.
 44950 | Elf:3    | Noticed a deep elf master archer
 45821 | Elf:3    | Killed a deep elf master archer
 46288 | Elf:3    | Reached XP level 18. HP: 61/77 MP: 21/40
 47401 | Elf:2    | Reached skill level 5 in Stealth
 48181 | Elf:3    | Identified the Papyrus of Beguiling and Black Rites
 48197 | Elf:3    | Identified the Compendium of Ghastly Lightness
 48216 | Elf:3    | Learned a level 3 spell: Regeneration
 48222 | Elf:3    | Learned a level 5 spell: Silence
 48333 | Elf:3    | Reached skill level 10 in Stealth
 48492 | Elf:3    | Got a crude hand crossbow
 48494 | Elf:3    | Identified the cursed +3 hand crossbow of Magnificence {elec, rPois MR+ Int-5 Dex+8} (You found it on level 3 of the Elven Halls)
 48852 | D:15     | Learned a level 3 spell: Confuse
 48856 | D:15     | Learned a level 3 spell: Dazzling Spray
 48860 | D:15     | Learned a level 3 spell: Tukima's Dance
 48891 | D:15     | Learned a level 2 spell: Song of Slaying
 48898 | D:15     | Learned a level 6 spell: Invisibility
 49149 | Swamp:1  | Entered Level 1 of the Swamp
 49888 | Swamp:4  | Entered Level 4 of the Swamp
 50265 | Swamp:4  | Reached skill level 25 in Slings
 51322 | Swamp:4  | Got a decaying rune of Zot
 51691 | Snake:1  | Entered Level 1 of the Snake Pit
 52193 | Snake:1  | Noticed Frances
 52369 | Snake:2  | Noticed Vashnia
 53403 | D:15     | Bought the ring "Sasi" {rPois MR- EV+6 Int+4 Dex+4} for 1619 gold pieces
 54554 | Snake:3  | Reached skill level 26 in Slings
 54758 | Snake:4  | Entered Level 4 of the Snake Pit
 54778 | Snake:4  | Noticed Aizul
 54937 | Snake:4  | Reached XP level 19. HP: 71/80 MP: 17/41
 55732 | Snake:4  | Got a crude robe
 55733 | Snake:4  | Identified the cursed +1 robe of the Orb {+Inv rN+++ Str-3 SInv} (You found it on level 4 of the Snake Pit)
 56906 | Snake:4  | Reached skill level 27 in Slings
 57199 | Snake:4  | Got a serpentine rune of Zot
 57375 | Snake:1  | Noticed Agnes
 57849 | D:15     | Learned a level 1 spell: Corona
 57851 | D:15     | Learned a level 1 spell: Summon Butterflies
 57907 | Vaults:1 | Entered Level 1 of the Vaults
 59688 | Vaults:4 | Found Kuulips's Gadget Shoppe.
 59994 | Vaults:4 | Got a warped pewter ring
 60030 | Vaults:4 | Identified the ring "Muagg" {rC+ rN+ MP+9 Stlth+} (You found it on level 4 of the Vaults)
 60484 | Depths:1 | Entered Level 1 of the Depths
 60484 | Depths:1 | Found a gateway to Hell.
 60532 | D:15     | Bought the +3 crown of Dyrovepreva {rElec Int+2 SInv} for 745 gold pieces
 61055 | Vaults:5 | Entered Level 5 of the Vaults
 61078 | Vaults:5 | Paralysed by a giant eyeball for 2 turns
 61079 | Vaults:5 | Slain by a tentacled monstrosity

Skill      XL: |  1  2  3  4  5  6  7  8  9 10 11 12 13 14 15 16 17 18 19 |
---------------+----------------------------------------------------------+-----
Slings         | 5 6 7 8 10 11 12 15 17 19 20 22 23 24 26 27 | 27.0
Shields        | 1 2 3 5 6 7 |  7.4
Dodging        | 5 6 13 19 20 22 | 22.4
Spellcasting   | 6 10 16 17 | 17.9
Translocations | 5 7 |  7.2
Hexes          | 8 11 | 11.0
Stealth        | 10 | 10.2
Fighting       | |  1.5

Action                   |  1- 3 |  4- 6 |  7- 9 | 10-12 | 13-15 | 16-18 | 19-21 || total
-------------------------+-------+-------+-------+-------+-------+-------+-------++-------
Melee: Hunting sling     |       |     7 |       |       |       |       |       ||     7
       Dagger            |       |       |       |    40 |   376 |       |       ||   416
       Bite              |       |       |       |       |   106 |     2 |     2 ||   110
       Rapier            |       |       |       |       |       |    15 |     7 ||    22
 Fire: Hunting sling     |    94 |   230 |   529 |  1857 |  2167 |  2765 |   843 ||  8485
Throw: Tomahawk          |       |       |       |     1 |       |       |       ||     1
       Throwing net      |       |       |       |       |       |     8 |       ||     8
 Cast: Blink             |       |       |       |     5 |    12 |    47 |       ||    64
       Inner Flame       |       |       |       |       |    77 |    26 |    17 ||   120
       Passage of Golubr |       |       |       |       |     1 |    10 |     1 ||    12
       Shroud of Golubri |       |       |       |       |     2 |   113 |    16 ||   131
       Slow              |       |       |       |       |     1 |    23 |       ||    24
       Gell's Gravitas   |       |       |       |       |       |     7 |       ||     7
       Cause Fear        |       |       |       |       |       |     5 |     3 ||     8
       Apportation       |       |       |       |       |       |   180 |    34 ||   214
       Confuse           |       |       |       |       |       |    60 |    54 ||   114
       Tukima's Dance    |       |       |       |       |       |    31 |   115 ||   146
       Regeneration      |       |       |       |       |       |     7 |     4 ||    11
       Silence           |       |       |       |       |       |     2 |       ||     2
       Dazzling Spray    |       |       |       |       |       |       |     4 ||     4
       Corona            |       |       |       |       |       |       |     1 ||     1
Invok: Call Merchant     |       |       |       |     2 |     3 |     2 |     1 ||     8
Evoke: Wand              |       |     2 |    13 |    11 |     4 |    40 |     9 ||    79
       Deck              |       |       |       |     6 |       |       |       ||     6
       Sack of spiders   |       |       |       |       |    10 |     6 |       ||    16
  Use: Scroll            |     6 |     4 |    15 |    16 |    16 |    23 |     9 ||    89
       Potion            |       |     3 |     1 |     1 |     5 |    10 |     2 ||    22
 Stab: Sleeping          |       |       |       |     1 |       |     3 |     1 ||     5
       Confused          |       |       |       |       |       |       |     3 ||     3
  Eat: Fruit             |       |     5 |       |       |     6 |     7 |       ||    18
       Pizza             |       |     2 |       |     6 |     5 |       |     2 ||    15
       Royal jelly       |       |       |       |     1 |     1 |     2 |       ||     4
       Bread ration      |       |       |       |       |       |       |     1 ||     1
Armor: Robe              |     2 |     5 |     8 |    26 |    11 |    21 |     6 ||    79
Dodge: Dodged            |    51 |    57 |    46 |   409 |   191 |   480 |   181 ||  1415
Block: Buckler           |     7 |    26 |    45 |   534 |   186 |   421 |   136 ||  1355
